 Dungeon Crawl Stone Soup version 0.23.2-1-ga50397a6bc (webtiles) character file.

Game seed: 7060987441490687676

70 Mrkan the Ruffian (level 4, -3/44 HPs)
             Began as a Troll Monk on May 21, 2019.
             Slain by an orc priest
             ... wielding a +0 flail
              (9 damage)
             ... on level 3 of the Dungeon.
             The game lasted 00:02:50 (1295 turns).

Mrkan the Ruffian (Troll Monk)                      Turns: 1295, Time: 00:02:50

Health: -3/44      AC:  6    Str: 19    XL:     4   Next: 4%
Magic:  3/3        EV: 10    Int:  6    God:
Gold:   97         SH:  0    Dex: 13    Spells: 3/3 levels left

rFire    . . .     SeeInvis .     - Unarmed
rCold    . . .     Gourm    +   (no shield)
rNeg     . . .     Faith    .   a - +0 robe
rPois    .         Spirit   .   (helmet restricted)
rElec    .         Reflect  .   (no cloak)
rCorr    .         Harm     .   (gloves unavailable)
MR       .....                  (boots unavailable)
Stlth    ++........             (no amulet)
HPRegen  0.54/turn              (no ring)
MPRegen  0.08/turn              (no ring)

@: no status effects
A: large, unfitting armour, claws 3, fast metabolism 3, gourmand, regeneration
1, shaggy fur 1, tough skin 3
a: no special abilities


You were on level 3 of the Dungeon.
You were completely stuffed.

You visited 1 branch of the dungeon, and saw 3 of its levels.

You collected 97 gold pieces.

Inventory:

Missiles
 f - 56 stones (quivered)
Armour
 a - a +0 robe (worn)
Wands
 m - a wand of flame (19)
Scrolls
 c - 2 scrolls of blinking {unknown}
 e - a scroll of identify {unknown}
 g - 2 scrolls of teleportation {unknown}
 h - 2 scrolls of remove curse {unknown}
 n - a scroll of immolation {unknown}
Potions
 d - 2 potions of lignification {unknown}
 i - a potion of magic {unknown}
 j - 2 potions of invisibility {unknown}
 l - a potion of ambrosia {unknown}
Comestibles
 b - 6 rations
 k - 4 chunks of flesh


   Skills:
 - Level 2.4 Fighting
 - Level 2.4 Dodging
 - Level 1.0 Stealth
 * Level 4.9 Unarmed Combat


You had 3 spell levels left.
You didn't know any spells.
Your spell library contained the following spells:

 Spells                   Type           Power        Failure   Level  Hunger
 Corona                   Hex            #......      45%         1    ##.....
 Ensorcelled Hibernation  Hex/Ice        #.....       58%         2    ###....
 Confuse                  Hex            #.......     83%         3    ####...
 Dazzling Spray           Conj/Hex       #.....       83%         3    ####...
 Tukima's Dance           Hex            #.......     83%         3    ####...


Dungeon Overview and Level Annotations

Branches:
Dungeon (3/15)

Altars:


Innate Abilities, Weirdness & Mutations

You are too large for most types of armour.
You have claws for hands.
Your metabolism is lightning-fast.
You like to eat raw meat.
Your natural rate of healing is unusually fast.
You are covered in fur. (AC +1)
You have extremely tough skin. (AC +3)


Message History

The orc is heavily wounded.
The orc closely misses you.
The orc priest calls upon Beogh to heal the orc.
The orc's wounds heal themselves!
The orc priest looks encouraged for a moment.
Things that are here:
a +0 club; a goblin corpse You closely miss the orc.
The orc hits you but does no damage.
You claw the orc!
You kill the orc!
You have reached level 4!
You barely miss the orc. Your claw misses the orc. The orc closely misses you.
You scratch the orc but do no damage. The orc hits you with a +0 dagger.
You claw the orc!
You kill the orc!
The orc priest calls down the wrath of Beogh upon you.
Beogh smites you!
* * * LOW HITPOINT WARNING * * *
The orc priest hits you with a +0 flail!
You die...

#..... # #.##.##.###
####.##......#
########.....รท....#
#........##.##.##.#
####.#####..##.##.##..
#....................#
#.##[#####..##.##.####
###.##.#####...@o....[..
#...##.......###.#######
##.############ #.# ...#
#)# .### #.# .# #.## .#
###..####### .#
####....#...... .#
...............


You could see an orc priest.

Vanquished Creatures
  An adder (D:2)
  An ooze (D:2)
  A worm (D:2)
  A dart slug (D:2)
  3 leopard geckos
  4 orcs (D:3)
  2 ball pythons
  4 giant cockroaches
  6 goblins
  3 hobgoblins
  A quokka (D:2)
  6 bats
  A frilled lizard (D:1)
  3 kobolds
  7 rats
44 creatures vanquished.

Notes
Turn   | Place    | Note
-------+----------+-------------------------------------------
     0 | D:1      | Mrkan the Troll Monk began the quest for the Orb.
     0 | D:1      | Reached XP level 1. HP: 22/22 MP: 0/0
   213 | D:1      | Reached XP level 2. HP: 27/29 MP: 1/1
   733 | D:2      | Reached skill level 4 in Unarmed Combat
   768 | D:2      | Reached XP level 3. HP: 36/36 MP: 2/2
  1291 | D:3      | Reached XP level 4. HP: 19/44 MP: 3/3
  1295 | D:3      | Slain by an orc priest

Skill      XL: |  1  2 |
---------------+-------+-----
Unarmed Combat | 4 |  4.9
Fighting       | |  2.4
Dodging        | |  2.4
Stealth        | |  1.0

Action                   |  1- 3 |  4- 6 || total
-------------------------+-------+-------++-------
Melee: Unarmed           |   102 |     3 ||   105
       Punch             |     1 |       ||     1
 Stab: Sleeping          |     1 |       ||     1
  Eat: Chunk             |    17 |       ||    17
Armor: Robe              |    30 |       ||    30
Dodge: Dodged            |    70 |     1 ||    71
